 Dungeon Crawl Stone Soup version 0.30-a0-354-g6b83867211 (webtiles) character file.

Game seed: 16017771166128148572

401 mopl the Sneak (level 6, 0/43 HPs)
             Began as an Octopode Delver on Nov 7, 2022.
             Was an Initiate of Dithmenos.
             Slain by Pikel
             ... wielding a +1 whip of freezing
              (3 damage)
             ... on level 5 of the Dungeon.
             The game lasted 00:06:08 (4421 turns).

mopl the Sneak (Octopode Delver)                    Turns: 4421, Time: 00:06:11

Health: 0/43       AC:  1    Str: 11    XL:     6   Next: 85%
Magic:  6/6        EV: 14    Int: 15    God:    Dithmenos [......]
Gold:   163        SH:  0    Dex: 13    Spells: 5/5 levels left

rFire   . . .      SeeInvis .    a - +0 falchion
rCold   . . .      Faith    .    (no shield)
rNeg    . . .      Spirit   .    (helmet restricted)
rPois   +          Reflect  .    (no amulet)
rElec   .          Harm     .    v - ring of poison resistance
rCorr   .          Rampage  .    (no ring)
Will    .....                    (no ring)
Stlth   +++++.....               (no ring)
HPRegen 0.27/turn                (no ring)
MPRegen 0.10/turn                (no ring)
                                 (no ring)
                                 (no ring)

@: no status effects
A: almost no armour, amphibious, 8 rings, camouflage 1, gelatinous body 1,
(nimble swimmer 1), tentacles
a: Renounce Religion


You were on level 5 of the Dungeon.
You worshipped Dithmenos.
Dithmenos was noncommittal.
You visited 2 branches of the dungeon, and saw 6 of its levels.

You collected 163 gold pieces.

Inventory:

Hand Weapons
 a - a +0 falchion (weapon)
 b - a +2 dagger of holy wrath
Missiles
 g - 3 poisoned darts (quivered)
 w - 4 boomerangs
Magical Staves
 m - a staff of conjuration
Jewellery
 r - a ring of ice
 v - a ring of poison resistance (left tentacle)
Wands
 f - a wand of digging (3)
Scrolls
 c - 3 scrolls of magic mapping
 d - 3 scrolls of fear
 h - 3 scrolls of identify
 i - a scroll of enchant weapon {unknown}
 k - 3 scrolls of teleportation {unknown}
 l - a scroll of amnesia {unknown}
 o - a scroll of brand weapon {unknown}
 p - 2 scrolls of fog
 q - a scroll of vulnerability {unknown}
 t - a scroll of torment {unknown}
 u - a scroll of blinking {unknown}
Potions
 e - 2 potions of haste
 j - a potion of lignification {!q}
 n - a potion of curing
 s - a potion of might
 x - a potion of flight


   Skills:
 + Level 4.2 Fighting
 + Level 3.5 Long Blades
 + Level 0.8 Throwing
 + Level 3.4 Dodging
 + Level 7.8 Stealth
 + Level 0.9 Invocations
 + Level 2.8 Evocations


You had 5 spell levels left.
You didn't know any spells.
Your spell library was empty.

Dungeon Overview and Level Annotations

Branches:
Dungeon (5/15)             Temple (1/1) D:4

Altars:
Ashenzari
Cheibriados
Dithmenos
Elyvilon
Fedhas
Gozag
Hepliaklqana
Kikubaaqudgha
Makhleb
Nemelex Xobeh
Okawaru
Qazlal
Ru
Sif Muna
Trog
Vehumet
Wu Jian
Xom
Yredelemnul
Zin
The Shining One

Shops:
D:3 [

Annotations:
D:3 2 transporters
D:4 3 runed translucent doors, ma3's ghost, amateur KoBr
D:5 Pikel


Innate Abilities, Weirdness & Mutations

You cannot wear most types of armour.
You are amphibious.
You can wear up to eight rings at the same time.
Your skin changes colour to match your surroundings (Stealth+).
Your rubbery body absorbs attacks. (AC +1, EV +1)
((You are camouflaged when in or above water. (Stealth+)))
You have tentacles for arms and can constrict up to eight enemies at once.


Message History

You constrict Pikel.
Pikel hits you with a +1 whip of freezing!
Pikel freezes you.
Pikel says, "Hell isn't that bad."
Pikel zaps a wand.
You resist with some effort.
You hit Pikel.
Pikel is heavily wounded.
You constrict Pikel.
Pikel hits you with a +1 whip of freezing!
Pikel freezes you.
Unknown command.
You are too injured to fight recklessly!
You are too injured to fight recklessly!
Unknown command.
You hit Pikel but do no damage.
Pikel is heavily wounded.
You constrict Pikel. Pikel barely misses you.
You hit Pikel.
Pikel is severely wounded.
You constrict Pikel, but do no damage.
Pikel zaps a wand.
You resist with some effort.
You barely miss Pikel. Your squeeze misses Pikel.
Pikel is severely wounded.
You constrict Pikel.
Pikel hits you with a +1 whip of freezing!
Pikel freezes you.
* * * LOW HITPOINT WARNING * * *
You hit Pikel but do no damage.
Pikel is severely wounded.
You constrict Pikel.
Pikel zaps a wand.
You resist with some effort.
You hit Pikel but do no damage.
Pikel is almost dead.
You constrict Pikel. Pikel barely misses you.
You hit Pikel.
Pikel is almost dead.
You constrict Pikel.
Pikel hits you with a +1 whip of freezing!
* * * LOW HITPOINT WARNING * * *
Pikel freezes you.
You die...

(((...........#
..(...........# #.....
..............# #.....
...(..........# #.....
....(.........# #.....
..............# #.....
...(..K.......#.. #.....
.......@......'.. +.....
..............#####.....
##'##.....#####[.....###
#.....'...'......#..
#.....#...#......#..
#.....#...#.....>#..
#.....#####......###
##+#..: ####.....# +...
#.....#


You could see Pikel (poisoned).

Vanquished Creatures
  A phantom (D:4)
  4 lemures (D:5)
  A jelly (D:4)
  A hound (D:5)
  An iguana (D:5)
  An orc wizard (D:3)
  6 adders
  7 gnolls
  A worm (D:2)
  2 dart slugs (D:4)
  8 orcs
  7 ball pythons
  12 endoplasms
  2 giant cockroaches (D:3)
  6 goblins
  5 hobgoblins
  3 jackals (D:2)
  6 kobolds
  5 quokkas
  4 bats
  3 frilled lizards
  3 rats (D:1)
89 creatures vanquished.

Notes
Turn   | Place    | Note
-------+----------+-------------------------------------------
     0 | D:5      | mopl the Octopode Delver began the quest for the Orb.
     0 | D:5      | Reached XP level 1. HP: 16/16 MP: 1/1
    10 | D:5      | Noticed a hound
    18 | D:5      | Noticed an iguana
    23 | D:5      | Killed a hound
    24 | D:5      | Reached skill level 1 in Evocations
    24 | D:5      | Reached XP level 2. HP: 20/21 MP: 2/2
    24 | D:5      | Reached XP level 3. HP: 25/26 MP: 3/3
    28 | D:5      | Reached skill level 7 in Stealth
   193 | D:5      | Reached XP level 4. HP: 31/31 MP: 4/4
   263 | D:5      | Noticed an ogre
   384 | D:4      | Found a runed translucent gate.
   385 | D:4      | Found a runed translucent gate.
   388 | D:4      | Found a runed translucent gate.
   389 | D:4      | Noticed a phantom
   483 | D:3      | Noticed a kobold demonologist
   484 | D:3      | Found a transporter.
   493 | D:3      | Found a transporter.
   716 | D:3      | Found a white marble altar of Elyvilon.
   800 | D:2      | Identified the +2 whip "Inuc" {chaos, rPois}
   852 | D:1      | Reached XP level 5. HP: 36/36 MP: 5/5
  1053 | D:1      | Reached skill level 2 in Evocations
  1447 | D:2      | Identified the +1 spear "Ulider" {freeze, Str+2}
  2055 | D:3      | Reached skill level 3 in Long Blades
  2139 | D:3      | Reached skill level 3 in Dodging
  2165 | D:3      | Found Xookkigg's Armour Boutique.
  2281 | D:3      | Found a shimmering blue altar of Sif Muna.
  3038 | D:3      | Reached skill level 4 in Fighting
  3038 | D:3      | Reached XP level 6. HP: 39/43 MP: 6/6
  3259 | D:4      | Found a staircase to the Ecumenical Temple.
  3277 | Temple   | Entered the Ecumenical Temple
  3277 | Temple   | Found a transporter.
  3277 | Temple   | Found a transporter.
  3279 | Temple   | Found a transporter.
  3279 | Temple   | Found a transporter.
  3305 | Temple   | Became a worshipper of Dithmenos the Shadowed
  3971 | D:4      | Noticed ma3's ghost (amateur KoBr)
  4068 | D:5      | Noticed Pikel
  4421 | D:5      | Slain by Pikel

Illustrated notes

Levels and vault maps discovered:
D:1:      erik_arrival_orb_chamber, layout_loops_ring
D:2:      layout_loops_ring, minmay_quantized
D:3:      gammafunk_wand_slinger, layout_basic, marbit_many_paths,
          elyvilon_altar_4, serial_shops, shop, nrook_uturn
D:4:      layout_basic, minmay_temple_entry_arrows, gammafunk_ghost_necromancy
D:5:      layout_gridville, uniq_ijyb, uniq_pikel
Temple:   hellmonk_temple_divided_pantheon

Skill      XL: |  1  2  3  4  5 |
---------------+----------------+-----
Evocations     | 1 2 |  2.8
Stealth        | 7 |  7.8
Long Blades    | 3 |  3.5
Dodging        | 3 |  3.4
Fighting       | 4 |  4.2
Throwing       | |  0.8
Invocations    | |  0.9

Action                   |  1- 3 |  4- 6 || total
-------------------------+-------+-------++-------
Melee: Falchion          |    11 |   188 ||   199
       Tentacles         |     5 |    45 ||    50
       Constrict         |     3 |    50 ||    53
       Dagger            |       |     9 ||     9
Throw: Dart              |       |    10 ||    10
  Use: Scroll            |       |     5 ||     5
 Stab: Sleeping          |     1 |    30 ||    31
Armor: Skin              |       |     8 ||     8
Dodge: Dodged            |    10 |   123 ||   133

Table legend: (Time is in decaauts)
 A = Elapsed time spent in this place.
 B = Non-inter-level travel time spent in this place.
 C = Inter-level travel time spent in this place.
 D = Time resting spent in this place.
 E = Time spent auto-exploring this place.
 F = Levels seen in this place.
 G = Mean time per level.
                   A        B        C        D        E       F      G
               +--------+--------+--------+--------+--------+-----+--------+
         Total |   4451 |   4185 |    266 |    811 |   2447 |   6 |  741.8 |
       Dungeon |   4408 |   4152 |    256 |    811 |   2447 |   5 |  881.6 |
        Temple |     43 |     33 |     10 |      0 |      0 |   1 |   43.0 |
               +--------+--------+--------+--------+--------+-----+--------+

Top non-repeatable levels by time:
     D:3: 1229 daAuts
     D:4: 950 daAuts
     D:2: 944 daAuts
     D:5: 687 daAuts
     D:1: 595 daAuts
  Temple: 43 daAuts
